TOP OF THE 1ST |
Kansas City Kings batting - Pitching for Greenville 84s : RHP Andrés Vázquez
|
Pitching: RHP Andrés Vázquez
|
|
Batting: RHB Chris Chandler
|
0-0: Ball 1-0: Foul Ball, location: 2F 1-1: Ball 2-1: Foul Ball, location: 2F 2-2: Foul Ball, location: 2F 2-2: Ground out 4-3 (Groundball, 34)
|
Batting: SHB Douglas Taylor
|
0-0: Swinging Strike 0-1: Ball 1-1: Fly out, F8 (Flyball, 78S)
|
Batting: RHB Toshimichi Kono
|
0-0: Ball 1-0: Ball 2-0: Ground out 1-3 (Groundball, 15S)
|
Top of the 1st over - 0 run(s), 0 hit(s), 0 error(s), 0 left on base; Kansas City 0 - Greenville 0 |
BOTTOM OF THE 1ST |
Greenville 84s batting - Pitching for Kansas City Kings : RHP Carlos Pacheco
|
Pitching: RHP Carlos Pacheco
|
|
Batting: RHB Carlos Torres
|
0-0: Called Strike 0-1: Ball 1-1: Ball 2-1: Ball 3-1: Foul Ball, location: 2F 3-2: Foul Ball, location: 2F 3-2: Fly out, F8 (Flyball, 8LM)
|
Batting: LHB Chris Moore
|
0-0: Ground out 6-3 (Groundball, 6)
|
Batting: RHB Enzo Díaz
|
0-0: Ball 1-0: Called Strike 1-1: Foul Ball, location: 2F 1-2: SINGLE (Groundball, 56D)
|
Batting: LHB Brock Larsen
|
0-0: Called Strike 0-1: Ball 1-1: Ball 2-1: Swinging Strike 2-2: Foul Ball, location: 2F 2-2: Foul Ball, location: 2F 2-2: Fly out, F7 (Flyball, 7)
|
Bottom of the 1st over - 0 run(s), 1 hit(s), 0 error(s), 1 left on base; Kansas City 0 - Greenville 0 |
TOP OF THE 2ND |
Kansas City Kings batting - Pitching for Greenville 84s : RHP Andrés Vázquez
|
Batting: LHB Ron Crawford
|
0-0: Ball 1-0: Foul Ball, location: 2F 1-1: Ball 2-1: Ball 3-1: Called Strike 3-2: Strikes out looking
|
Batting: SHB António De La Cruz
|
0-0: SINGLE (Line Drive, 8LS)
|
Batting: LHB Stan Hickman
|
0-0: Swinging Strike 0-1: Called Strike 0-2: Strikes out looking
|
Batting: RHB Dave Parker
|
0-0: Fly out, F8 (Line Drive, 8LD)
|
Top of the 2nd over - 0 run(s), 1 hit(s), 0 error(s), 1 left on base; Kansas City 0 - Greenville 0 |
BOTTOM OF THE 2ND |
Greenville 84s batting - Pitching for Kansas City Kings : RHP Carlos Pacheco
|
Batting: LHB Robert Moore
|
0-0: Called Strike 0-1: DOUBLE (Line Drive, 8RXD)
|
Batting: LHB Jimmy Vickers
|
0-0: Ball 1-0: Swinging Strike 1-1: DOUBLE (Line Drive, 7LS) Robert Moore scores
|
Batting: RHB Robert Buckley
|
0-0: Ball 1-0: Called Strike 1-1: Ball 2-1: Ball 3-1: SINGLE (Groundball, 4D) Jimmy Vickers to third Runner from 3rd tries for Home, SAFE, throw made home Robert Buckley to second
|
Batting: RHB Casey Fox
|
0-0: Ground out 6-3 (Groundball, 6)
|
Batting: RHB Patrick Potts
|
0-0: Fly out, F8 (Flyball, 89M)
|
Batting: RHB Carlos Torres
|
0-0: Called Strike 0-1: Called Strike 0-2: Strikes out swinging
|
Bottom of the 2nd over - 2 run(s), 3 hit(s), 0 error(s), 1 left on base; Kansas City 0 - Greenville 2 |
TOP OF THE 3RD |
Kansas City Kings batting - Pitching for Greenville 84s : RHP Andrés Vázquez
|
Batting: LHB Luis González
|
0-0: Ball 1-0: Ball 2-0: Ball 3-0: Called Strike 3-1: Fly out, F8 (Flyball, 8RS)
|
Batting: RHB Cy Keynes
|
0-0: Called Strike 0-1: Called Strike 0-2: Ground out 6-3 (Groundball, 6)
|
Batting: RHB Chris Chandler
|
0-0: Foul Ball, location: 2F 0-1: Ball 1-1: Ball 2-1: Ball 3-1: Called Strike 3-2: Strikes out looking
|
Top of the 3rd over - 0 run(s), 0 hit(s), 0 error(s), 0 left on base; Kansas City 0 - Greenville 2 |
BOTTOM OF THE 3RD |
Greenville 84s batting - Pitching for Kansas City Kings : RHP Carlos Pacheco
|
Batting: LHB Chris Moore
|
0-0: Ball 1-0: Called Strike 1-1: Ball 2-1: Foul Ball, location: 2F 2-2: Foul Ball, location: 2F 2-2: Foul Ball, location: 2F 2-2: Ball 3-2: Strikes out looking
|
Batting: RHB Enzo Díaz
|
0-0: Foul Ball, location: 2F 0-1: Called Strike 0-2: Ball 1-2: Foul Ball, location: 2F 1-2: Foul Ball, location: 2F 1-2: Ball 2-2: Foul Ball, location: 2F 2-2: Ground out 4-3 (Groundball, 4)
|
Batting: LHB Brock Larsen
|
0-0: Ball 1-0: Ball 2-0: Foul Ball, location: 2F 2-1: Ball 3-1: SOLO HOME RUN (Line Drive, 89XD), Distance : 393 ft
|
Batting: LHB Robert Moore
|
0-0: Foul Ball, location: 2F 0-1: Ball 1-1: Ball 2-1: Swinging Strike 2-2: Strikes out swinging
|
Bottom of the 3rd over - 1 run(s), 1 hit(s), 0 error(s), 0 left on base; Kansas City 0 - Greenville 3 |
TOP OF THE 4TH |
Kansas City Kings batting - Pitching for Greenville 84s : RHP Andrés Vázquez
|
Batting: SHB Douglas Taylor
|
0-0: Called Strike 0-1: Fly out, F7 (Flyball, 7S)
|
Batting: RHB Toshimichi Kono
|
0-0: Fly out, F8 (Flyball, 78XD)
|
Batting: LHB Ron Crawford
|
0-0: Called Strike 0-1: Foul Ball, location: 2F 0-2: Ground out 3-1 (Groundball, 34S)
|
Top of the 4th over - 0 run(s), 0 hit(s), 0 error(s), 0 left on base; Kansas City 0 - Greenville 3 |
BOTTOM OF THE 4TH |
Greenville 84s batting - Pitching for Kansas City Kings : RHP Carlos Pacheco
|
Batting: LHB Jimmy Vickers
|
0-0: Ball 1-0: Fly out, F3 (Line Drive, 3)
|
Batting: RHB Robert Buckley
|
0-0: Foul Ball, location: 2F 0-1: Ball 1-1: Ball 2-1: Ball 3-1: SINGLE (Line Drive, 9S)
|
Batting: RHB Casey Fox
|
0-0: Ball 1-0: Foul Ball, location: 2F 1-1: Fly out, F6 (Line Drive, 6)
|
Batting: RHB Patrick Potts
|
0-0: Called Strike 0-1: Fly out, F7 (Flyball, 78M)
|
Bottom of the 4th over - 0 run(s), 1 hit(s), 0 error(s), 1 left on base; Kansas City 0 - Greenville 3 |
TOP OF THE 5TH |
Kansas City Kings batting - Pitching for Greenville 84s : RHP Andrés Vázquez
|
Batting: SHB António De La Cruz
|
0-0: Called Strike 0-1: Foul Ball, location: 2F 0-2: Ball 1-2: Ball 2-2: Ball 3-2: DOUBLE (Flyball, 78D)
|
Batting: LHB Stan Hickman
|
0-0: Ball 1-0: Ball 2-0: Foul Ball, location: 2F 2-1: Ground out 4-3 (Groundball, 4) António De La Cruz to third
|
Batting: RHB Dave Parker
|
0-0: Ball 1-0: Ball 2-0: Called Strike 2-1: Ball 3-1: SINGLE (Line Drive, 4M) António De La Cruz scores
|
Batting: LHB Luis González
|
0-0: Called Strike 0-1: Ball 1-1: Called Strike 1-2: Ball 2-2: Foul Ball, location: 2F 2-2: Ground out 3-1 (Groundball, 3) Dave Parker to second
|
Batting: RHB Cy Keynes
|
0-0: Ball 1-0: Reached on error, E5 (Groundball, 56) Dave Parker scores
|
Batting: RHB Chris Chandler
|
0-0: Fly out, F8 (Flyball, 8RD)
|
Top of the 5th over - 2 run(s), 2 hit(s), 1 error(s), 1 left on base; Kansas City 2 - Greenville 3 |
BOTTOM OF THE 5TH |
Greenville 84s batting - Pitching for Kansas City Kings : RHP Carlos Pacheco
|
Batting: RHB Carlos Torres
|
0-0: Called Strike 0-1: Ball 1-1: Foul Ball, location: 2F 1-2: Ball 2-2: Strikes out swinging
|
Batting: LHB Chris Moore
|
0-0: Called Strike 0-1: Ball 1-1: Foul Ball, location: 2F 1-2: SINGLE (Line Drive, 6MD)
|
Batting: RHB Enzo Díaz
|
0-0: Ball 1-0: Grounds into double play, 4-6-3 (Groundball, 4)
|
Bottom of the 5th over - 0 run(s), 1 hit(s), 0 error(s), 0 left on base; Kansas City 2 - Greenville 3 |
TOP OF THE 6TH |
Kansas City Kings batting - Pitching for Greenville 84s : RHP Andrés Vázquez
|
Batting: SHB Douglas Taylor
|
0-0: Fly out, F8 (Flyball, 78M)
|
Batting: RHB Toshimichi Kono
|
0-0: Ball 1-0: Foul Ball, location: 2F 1-1: Ball 2-1: SOLO HOME RUN (Line Drive, 78XD), Distance : 442 ft
|
Batting: LHB Ron Crawford
|
0-0: Foul Ball, location: 2F 0-1: Foul Ball, location: 2F 0-2: Strikes out swinging
|
Batting: SHB António De La Cruz
|
0-0: Ball 1-0: Foul Ball, location: 2F 1-1: Called Strike 1-2: Foul Ball, location: 2F 1-2: SINGLE (Groundball, 6MD)
|
Batting: LHB Stan Hickman
|
0-0: Ball 1-0: Swinging Strike 1-1: Ball 2-1: Swinging Strike 2-2: Strikes out swinging
|
Top of the 6th over - 1 run(s), 2 hit(s), 0 error(s), 1 left on base; Kansas City 3 - Greenville 3 |
BOTTOM OF THE 6TH |
Greenville 84s batting - Pitching for Kansas City Kings : RHP Carlos Pacheco
|
Batting: LHB Brock Larsen
|
0-0: Fly out, F8 (Flyball, 8RS)
|
Batting: LHB Robert Moore
|
0-0: Called Strike 0-1: Foul Ball, location: 2F 0-2: Ball 1-2: Strikes out swinging
|
Batting: LHB Jimmy Vickers
|
0-0: Called Strike 0-1: Ball 1-1: Ball 2-1: Fly out, F9 (Flyball, 89S)
|
Bottom of the 6th over - 0 run(s), 0 hit(s), 0 error(s), 0 left on base; Kansas City 3 - Greenville 3 |
TOP OF THE 7TH |
Kansas City Kings batting - Pitching for Greenville 84s : RHP Andrés Vázquez
|
Pitching: LHP Júlio Gracía
|
|
Batting: RHB Dave Parker
|
0-0: Ball 1-0: Swinging Strike 1-1: Foul Ball, location: 2F 1-2: Ground out 1-3 (Groundball, P)
|
Pinch Hitting: RHB Oliver Lugo
|
0-0: Foul Ball, location: 2F 0-1: SINGLE (Groundball, 56D)
|
Batting: RHB Cy Keynes
|
0-0: Ball 1-0: Called Strike 1-1: Grounds into double play, 1-6-3 (Groundball, P)
|
Top of the 7th over - 0 run(s), 1 hit(s), 0 error(s), 0 left on base; Kansas City 3 - Greenville 3 |
BOTTOM OF THE 7TH |
Greenville 84s batting - Pitching for Kansas City Kings : RHP Carlos Pacheco
|
Pitching: LHP Manuel Parra
|
|
Now at SS: John Miller
|
|
Batting: RHB Robert Buckley
|
0-0: Called Strike 0-1: Ball 1-1: Ball 2-1: Swinging Strike 2-2: Foul Ball, location: 2F 2-2: Strikes out swinging
|
Batting: RHB Casey Fox
|
0-0: Called Strike 0-1: Ball 1-1: Fly out, F7 (Flyball, 7S)
|
Batting: RHB Patrick Potts
|
0-0: SINGLE (Groundball, 56) (infield hit)
|
Batting: RHB Carlos Torres
|
0-0: Ball 1-0: Called Strike 1-1: Fly out, F9 (Flyball, 9S)
|
Bottom of the 7th over - 0 run(s), 1 hit(s), 0 error(s), 1 left on base; Kansas City 3 - Greenville 3 |
TOP OF THE 8TH |
Kansas City Kings batting - Pitching for Greenville 84s : LHP Júlio Gracía
|
Batting: RHB Chris Chandler
|
0-0: Swinging Strike 0-1: Ball 1-1: Ball 2-1: Foul Ball, location: 2F 2-2: Strikes out swinging
|
Batting: SHB Douglas Taylor
|
0-0: Foul Ball, location: 2F 0-1: Ball 1-1: Ball 2-1: Ball 3-1: Base on Balls
|
Batting: RHB Toshimichi Kono
|
0-0: Called Strike 0-1: SINGLE (Groundball, 6D) Douglas Taylor to second
|
Pinch Hitting: RHB Eric Fuller
|
0-0: Ball 1-0: Fly out, F8 (Flyball, 8RD) Runner from 2nd tags up, SAFE at 3rd, no throw
|
Batting: SHB António De La Cruz
|
0-0: Called Strike 0-1: Ball 1-1: Foul Ball, location: 2F 1-2: Ball 2-2: SINGLE (Flyball, 7S) Douglas Taylor scores Toshimichi Kono to second
|
Batting: LHB Stan Hickman
|
0-0: Called Strike 0-1: Fly out, F7 (Line Drive, 7)
|
Top of the 8th over - 1 run(s), 2 hit(s), 0 error(s), 2 left on base; Kansas City 4 - Greenville 3 |
BOTTOM OF THE 8TH |
Greenville 84s batting - Pitching for Kansas City Kings : LHP Manuel Parra
|
Now in RF: Brian Boone
|
|
Batting: LHB Chris Moore
|
0-0: Ball 1-0: Fly out, F1 (Line Drive, 15)
|
Pitching: RHP Nick Parks
|
|
Batting: RHB Enzo Díaz
|
0-0: Ball 1-0: Ball 2-0: Called Strike 2-1: Foul Ball, location: 2F 2-2: Ball 3-2: Foul Ball, location: 2F 3-2: Foul Ball, location: 2F 3-2: Foul Ball, location: 2F 3-2: Foul Ball, location: 2F 3-2: TRIPLE (Flyball, 9LM)
|
Pitching: LHP Rob Lucas
|
|
Batting: LHB Brock Larsen
|
0-0: Ball 1-0: Called Strike 1-1: Ball 2-1: Called Strike 2-2: Foul Ball, location: 2F 2-2: Foul Ball, location: 2F 2-2: SINGLE (Flyball, 7LS) Enzo Díaz scores
|
Batting: LHB Robert Moore
|
0-0: Ball 1-0: Fielders Choice at 2nd, 4-6 (Groundball, 4)
|
Pitching: RHP Alberto Bonilla
|
|
Batting: LHB Jimmy Vickers
|
0-0: Called Strike 0-1: Ball 1-1: Ball 2-1: Foul Ball, location: 2F 2-2: Strikes out looking
|
Bottom of the 8th over - 1 run(s), 2 hit(s), 0 error(s), 1 left on base; Kansas City 4 - Greenville 4 |
TOP OF THE 9TH |
Kansas City Kings batting - Pitching for Greenville 84s : LHP Júlio Gracía
|
Pitching: LHP Francisco Ríos
|
|
Batting: RHB Dave Parker
|
0-0: Foul Ball, location: 2F 0-1: Ball 1-1: Ground out 5-3 (Groundball, 5S)
|
Batting: SHB John Miller
|
0-0: Foul Ball, location: 2F 0-1: Ball 1-1: Called Strike 1-2: Strikes out swinging
|
Batting: RHB Cy Keynes
|
0-0: Ball 1-0: Called Strike 1-1: Ball 2-1: Ball 3-1: Called Strike 3-2: Strikes out swinging
|
Top of the 9th over - 0 run(s), 0 hit(s), 0 error(s), 0 left on base; Kansas City 4 - Greenville 4 |
BOTTOM OF THE 9TH |
Greenville 84s batting - Pitching for Kansas City Kings : RHP Alberto Bonilla
|
Batting: RHB Robert Buckley
|
0-0: Foul Ball, location: 2F 0-1: Ball 1-1: Ball 2-1: Foul Ball, location: 2F 2-2: Foul Ball, location: 2F 2-2: Ball 3-2: Base on Balls
|
Batting: RHB Casey Fox
|
0-0: Called Strike 0-1: Ball 1-1: Sac Bunt - play at first, batter OUT! 1-4 Robert Buckley to second
|
Pinch Hitting: LHB José Costa
|
0-0: Ball 1-0: Foul Ball, location: 2F 1-1: Ball 2-1: Foul Ball, location: 2F 2-2: Ball 3-2: Base on Balls
|
Batting: RHB Carlos Torres
|
0-0: Foul Ball, location: 2F 0-1: Ball 1-1: Foul Ball, location: 2F 1-2: Foul Ball, location: 2F 1-2: Foul Ball, location: 2F 1-2: Fly out, F5 (Popup, 15)
|
Batting: LHB Chris Moore
|
0-0: Swinging Strike 0-1: Called Strike 0-2: Strikes out swinging
|
Bottom of the 9th over - 0 run(s), 0 hit(s), 0 error(s), 2 left on base; Kansas City 4 - Greenville 4 |
TOP OF THE 10TH |
Kansas City Kings batting - Pitching for Greenville 84s : LHP Francisco Ríos
|
Now in LF: José Costa
|
|
Batting: RHB Chris Chandler
|
0-0: Swinging Strike 0-1: Fly out, F9 (Line Drive, 9D)
|
Batting: SHB Douglas Taylor
|
0-0: Ball 1-0: Swinging Strike 1-1: Swinging Strike 1-2: Ball 2-2: Ball 3-2: Strikes out looking
|
Batting: RHB Toshimichi Kono
|
0-0: Ball 1-0: Ball 2-0: Ball 3-0: Called Strike 3-1: Foul Ball, location: 2F 3-2: Fly out, F5 (Line Drive, 5)
|
Top of the 10th over - 0 run(s), 0 hit(s), 0 error(s), 0 left on base; Kansas City 4 - Greenville 4 |
BOTTOM OF THE 10TH |
Greenville 84s batting - Pitching for Kansas City Kings : RHP Alberto Bonilla
|
Batting: RHB Enzo Díaz
|
0-0: Swinging Strike 0-1: Ball 1-1: Swinging Strike 1-2: Foul Ball, location: 2F 1-2: Foul Ball, location: 2F 1-2: Ground out U3 (Groundball, 34)
|
Batting: LHB Brock Larsen
|
0-0: Called Strike 0-1: Ball 1-1: Ground out 3-1 (Groundball, 34)
|
Pitching: RHP Ray Watkins
|
|
Batting: LHB Robert Moore
|
0-0: Ball 1-0: Ball 2-0: Ball 3-0: Base on Balls
|
Batting: LHB Jimmy Vickers
|
0-0: Called Strike 0-1: Ball 1-1: Ball 2-1: Ball 3-1: Swinging Strike 3-2: Foul Ball, location: 2F 3-2: Foul Ball, location: 2F 3-2: Ground out 6-3 (Groundball, 6)
|
Bottom of the 10th over - 0 run(s), 0 hit(s), 0 error(s), 1 left on base; Kansas City 4 - Greenville 4 |
TOP OF THE 11TH |
Kansas City Kings batting - Pitching for Greenville 84s : LHP Francisco Ríos
|
Pitching: RHP Kenshin Kubota
|
|
Batting: LHB Brian Boone
|
0-0: Ball 1-0: Hit by Pitch
|
Batting: SHB António De La Cruz
|
0-0: Ball 1-0: Foul Ball, location: 2F 1-1: Fly out, F4 (Line Drive, 4)
|
Batting: LHB Stan Hickman
|
0-0: Swinging Strike 0-1: Ball Brian Boone steals 2nd base 1-1: Intentional Walk
|
Batting: RHB Dave Parker
|
0-0: Called Strike 0-1: Called Strike Brian Boone steals 3rd base Stan Hickman to second 0-2: Ball 1-2: Foul Ball, location: 2F 1-2: Foul Ball, location: 2F 1-2: SINGLE (Groundball, 6MD) Brian Boone scores Stan Hickman to third Runner from 3rd tries for Home, SAFE, no throw
|
Pitching: RHP David Bishop
|
|
Batting: SHB John Miller
|
0-0: Ball Dave Parker steals 2nd base 1-0: Ball 2-0: SINGLE (Groundball, 6MD) Dave Parker to third
|
Batting: RHB Cy Keynes
|
0-0: Called Strike John Miller steals 2nd base 0-1: Swinging Strike 0-2: Ball 1-2: Ground out 1-3 (Groundball, 13S)
|
Batting: RHB Chris Chandler
|
0-0: Foul Ball, location: 2F 0-1: Foul Ball, location: 2F 0-2: Foul Ball, location: 2F 0-2: Ball 1-2: Ball 2-2: Ball 3-2: DOUBLE (Line Drive, 78XD) Dave Parker scores John Miller scores
|
Batting: SHB Douglas Taylor
|
0-0: Ground out U3 (Groundball, 3L)
|
Top of the 11th over - 4 run(s), 3 hit(s), 0 error(s), 1 left on base; Kansas City 8 - Greenville 4 |
BOTTOM OF THE 11TH |
Greenville 84s batting - Pitching for Kansas City Kings : RHP Ray Watkins
|
Batting: RHB Robert Buckley
|
0-0: Ball 1-0: Ball 2-0: Called Strike 2-1: Ball 3-1: Foul Ball, location: 2F 3-2: Fly out, F9 (Flyball, 9S)
|
Batting: RHB Casey Fox
|
0-0: Called Strike 0-1: Foul Ball, location: 2F 0-2: Ball 1-2: Ball 2-2: Foul Ball, location: 2F 2-2: Foul Ball, location: 2F 2-2: Foul Ball, location: 2F 2-2: Strikes out swinging
|
Batting: LHB José Costa
|
0-0: Ball 1-0: Ground out 6-3 (Groundball, 56)
|
Bottom of the 11th over - 0 run(s), 0 hit(s), 0 error(s), 0 left on base; Kansas City 8 - Greenville 4 |
|